 Dungeon Crawl Stone Soup version 0.31-a0-446-g07c4bd200f (console) character file.

Game seed: 7055519553077247643

56 Lexodia the Conjurer (level 3, -4/19 HPs)
             Began as a Tengu Fire Elementalist on Aug 3, 2023.
             Was a Follower of Okawaru.
             Slain by a gnoll
             ... wielding a +0 club
              (6 damage)
             ... on level 3 of the Dungeon.
             The game lasted 00:03:39 (2393 turns).

Lexodia the Conjurer (Tengu Fire Elementalist)      Turns: 2393, Time: 00:03:40

Health: -4/19      AC:  4    Str:  8    XL:     3   Next: 95%
Magic:  7/7        EV: 12    Int: 23    God:    Okawaru [*.....]
Gold:   101        SH:  0    Dex: 14    Spells: 3/6 levels left

rFire   . . .        h - +0 dagger
rCold   + . .        (no shield)
rNeg    . . .        g - +2 robe {Will+}
rPois   .            (helmet restricted)
rElec   .            (no cloak)
rCorr   .            (no gloves)
SInv    .            (boots unavailable)
Will    +....        (no amulet)
Stlth   ++           k - +6 ring of intelligence
HPRegen 0.23/turn    l - ring of protection from cold
MPRegen 0.10/turn

%: no passive effects
@: attractive
A: beak, talons 3
a: Renounce Religion, Heroism


You were on level 3 of the Dungeon.
You worshipped Okawaru.
Okawaru was aware of your devotion.
You visited 1 branch of the dungeon, and saw 3 of its levels.

You collected 101 gold pieces.

Inventory:

Hand Weapons
 h - a +0 dagger (weapon)
Armour
 a - a +0 robe
 g - a +2 robe of willpower (worn)
Jewellery
 e - a ring of ice
 k - a +6 ring of intelligence (left hand)
 l - a ring of protection from cold (right hand)
Scrolls
 c - 5 scrolls of identify {unknown}
 d - a scroll of blinking {unknown}
 i - a scroll of fog {unknown}
 j - a scroll of acquirement {unknown}
 n - a scroll of teleportation {unknown}
Potions
 b - a potion of magic
 m - a potion of haste {unknown}


   Skills:
 + Level 1.1 Staves
 + Level 0.5 Throwing
 - Level 2.1 Dodging
 - Level 2.0 Stealth
 - Level 2.0 Spellcasting
 * Level 3.7 Conjurations
 + Level 3.4 Fire Magic
 + Level 0.9 Invocations


You had 3 spell levels left.
You knew the following spells:

 Your Spells              Type           Power      Damage    Failure   Level
a - Foxfire               Conj/Fire      76%        2x1d7     3%          1
b - Scorch                Fire           36%        2d6       4%          2

Your spell library contained the following spells:

 Spells                   Type           Power      Damage    Failure   Level
 Inner Flame              Hex/Fire       10%        N/A       19%         3
 Volatile Blastmotes      Fire/Tloc      20%        2d11      19%         3
 Flame Wave               Conj/Fire      19%        2d7       28%         4


Dungeon Overview and Level Annotations

Branches:
Dungeon (3/15)

Altars:
Okawaru

Shops:
D:2 *


Innate Abilities, Weirdness & Mutations

You have a beak for a mouth.
You have claws for feet.


Message History

You conjure some foxfire!
The gnoll hits you with a +0 whip. The gnoll closely misses you.
Damage: -11%(-2hp) hp: 79%(15hp)
Casting: Foxfire (safe; 3% risk of failure)
Confirm with . or Enter, or press ? or * to list all spells.
Flames lash the gnoll.
The gnoll is moderately wounded.
The gnoll's fire resistance burns away.
The foxfire hits the gnoll.
The gnoll is burned terribly!
The gnoll is severely wounded.
The foxfire hits the gnoll!
The gnoll is burned terribly!
You kill the gnoll!
Okawaru accepts your kill. The gnoll hits you with a +0 halberd.
Your Staves skill increases to level 1!
Damage: -15%(-3hp) hp: 64%(12hp)
Casting: Scorch (safe; 4% risk of failure)
Confirm with . or Enter, or press ? or * to list all spells.
You don't have enough magic to cast this spell.
Casting: Scorch (safe; 4% risk of failure)
Confirm with . or Enter, or press ? or * to list all spells.
You conjure some foxfire!
The gnoll hits you with a +0 halberd.
You closely miss the gnoll. You claw the gnoll.
You kill the gnoll!
Okawaru accepts your kill.
Your foxfire dissipates!
HP restored.
Magic restored.
Done exploring.
Done exploring.
You climb downwards.
The gnoll hits you with a +0 club. x3
* * * LOW HITPOINT WARNING * * *
The gnoll hits you with a +0 club.
* * * LOW HITPOINT WARNING * * *
There is a stone staircase leading up, spattered with blood here.
Huge Dmg: -89%(-17hp) hp: 11%(2hp) It was a potion of attraction.
You feel attractive to monsters. The gnoll hits you with a +0 club.
You die...

###
#..
#.#
##S#
#gg#
#.@#
#..#
#..#
#$.#
...#
#####


You could see 2 gnolls and a ball python.

Vanquished Creatures
  2 gnolls (D:2)
  A worm (D:2)
  2 dart slugs
  An endoplasm (D:1)
  A giant cockroach (D:2)
  3 goblins
  2 hobgoblins (D:2)
  2 quokkas
  4 ball pythons
  5 bats
  3 frilled lizards
  5 kobolds
  A rat (D:2)
32 creatures vanquished.

Vanquished Creatures (others)
  135 foxfires
135 creatures vanquished.

Grand Total: 167 creatures vanquished

Notes
Turn   | Place    | Note
-------+----------+-------------------------------------------
     0 | D:1      | Lexodia the Tengu Fire Elementalist began the quest for the
                  | Orb.
     0 | D:1      | Reached XP level 1. HP: 10/10 MP: 4/4
   386 | D:1      | Found a faded altar of an unknown god.
   393 | D:1      | Huge Dmg: 4 dmg
   416 | D:1      | Reached XP level 2. HP: 15/15 MP: 1/6
   468 | D:1      | Prayed at the altar of an unknown god.
   468 | D:1      | Became a worshipper of Warmaster Okawaru
   468 | D:1      | Reached * piety under Okawaru
   584 | D:1      | Learned a level 2 spell: Scorch
  1376 | D:2      | Reached XP level 3. HP: 19/19 MP: 3/7
  1669 | D:2      | Found Duucsec's Assorted Antiques.
  2325 | D:2      | Reached skill level 1 in Staves
  2393 | D:3      | Huge Dmg: 17 dmg
  2393 | D:3      | Slain by a gnoll

Illustrated notes

Levels and vault maps discovered:
D:1:      lemuel_arrival_rhombus, layout_loops_cross,
          ebering_ecumenical_altar_petrified
D:2:      layout_basic, serial_shops, nicolae_shop_just_a_little_nook
D:3:      layout_basic, grunt_gozag_breadcrumbs, mainiacjoe_overflow_alcove_2,
          tso_altar, kennysheep_generic_room_13

Skill      XL: |  1  2  3 |
---------------+----------+-----
Conjurations   | 2 3 |  3.7
Staves         | 1 |  1.1
Throwing       | |  0.5
Dodging        | |  2.1
Stealth        | |  2.0
Spellcasting   | |  2.0
Fire Magic     | |  3.4
Invocations    | |  0.9

Action                     || total
---------------------------++-------
  Melee: Unarmed           ||     6
         Dagger            ||     4
         Kick              ||     1
   Cast: Foxfire           ||    78
         Scorch            ||     4
    Use: Potion            ||     1
 Armour: Robe              ||     8
  Dodge: Dodged            ||    14

Table legend: (Time is in decaauts)
 A = Elapsed time spent in this place.
 B = Non-inter-level travel time spent in this place.
 C = Inter-level travel time spent in this place.
 D = Time resting spent in this place.
 E = Time spent auto-exploring this place.
 F = Levels seen in this place.
 G = Mean time per level.
                   A        B        C        D        E       F      G
               +--------+--------+--------+--------+--------+-----+--------+
         Total |   2392 |   2309 |     83 |      2 |   2071 |   3 |  797.3 |
       Dungeon |   2392 |   2309 |     83 |      2 |   2071 |   3 |  797.3 |
               +--------+--------+--------+--------+--------+-----+--------+

Top non-repeatable levels by time:
     D:2: 1402 daAuts
     D:1: 985 daAuts
     D:3: 4 daAuts
